 Dungeon Crawl Stone Soup version 0.25.1-2-g60ff931df9 (webtiles) character file.

Game seed: 298901349571353480

137 H0rd4k the Insei (level 5, -3/33 HPs)
             Began as an Octopode Transmuter on Aug 26, 2020.
             Killed from afar by an orc wizard (6 damage)
             ... with a magic dart
             ... on level 4 of the Dungeon.
             The game lasted 00:02:29 (3108 turns).

H0rd4k the Insei (Octopode Transmuter)              Turns: 3108, Time: 00:02:29

Health: -3/33      AC:  1    Str:  9    XL:     5   Next: 20%
Magic:  9/9        EV: 13    Int: 17    God:
Gold:   106        SH:  0    Dex: 12    Spells: 4/10 levels left

rFire    . . .     SeeInvis .     - Unarmed
rCold    . . .     Gourm    .   (no shield)
rNeg     . . .     Faith    .   (helmet restricted)
rPois    .         Spirit   .   (no amulet)
rElec    .         Reflect  .   f - ring of wizardry
rCorr    .         Harm     .   k - ring of stealth
MR       .....                  (no ring)
Stlth    ++++......             (no ring)
HPRegen  0.11/turn              (no ring)
MPRegen  0.11/turn              (no ring)
                                (no ring)
                                (no ring)

@: slowed, very slow
A: almost no armour, stealthy swim, amphibious, 8 rings, constrict 8, camouflage
1, gelatinous body 1
a: no special abilities


You were on level 4 of the Dungeon.
You were hungry.

You visited 1 branch of the dungeon, and saw 4 of its levels.

You collected 106 gold pieces.

Inventory:

Hand Weapons
 p - a +4 hunting sling
Missiles
 a - 32 arrows
 e - 30 poisoned darts (quivered)
Jewellery
 f - a ring of wizardry (left tentacle)
 k - a ring of stealth (right tentacle)
Scrolls
 b - 2 scrolls of remove curse {unknown}
 d - a scroll of immolation {unknown}
 i - 2 scrolls of identify {unknown}
 l - a scroll of random uselessness {unknown}
 n - a scroll of noise {unknown}
 s - a scroll of magic mapping {unknown}
 t - a scroll of teleportation {unknown}
Potions
 g - a potion of brilliance {unknown}
 h - 2 potions of lignification {unknown}
 j - 2 potions of curing {unknown}
 m - a potion of invisibility {unknown}
 o - 2 potions of might {unknown}
 q - 2 potions of stabbing {unknown}
 r - a potion of heal wounds {unknown}
 u - a potion of ambrosia {unknown}
Comestibles
 c - 7 rations


   Skills:
 + Level 1.0 Fighting
 + Level 2.3 Dodging
 + Level 1.5 Stealth
 + Level 3.9 Unarmed Combat
 * Level 3.0 Spellcasting
 * Level 3.1 Transmutations


You had 4 spell levels left.
You knew the following spells:

 Your Spells              Type           Power        Failure   Level  Hunger
a - Beastly Appendage     Tmut           ##....       1%          1    None
b - Sticks to Snakes      Tmut           ##......     2%          2    ##.....
c - Spider Form           Tmut/Pois      #.........   11%         3    ###....

Your spell library contained the following spells:

 Spells                   Type           Power        Failure   Level  Hunger
 Magic Dart               Conj           #...         7%          1    None
 Blink                    Tloc           N/A          11%         2    ##.....
 Call Imp                 Summ           #.......     11%         2    ##.....
 Slow                     Hex            #.......     11%         2    ##.....
 Conjure Flame            Conj/Fire      #.......     21%         3    ###....
 Mephitic Cloud           Conj/Pois/Air  #.......     21%         3    ###....
 Ice Form                 Ice/Tmut       #.......     32%         4    ####...
 Blade Hands              Tmut           ##........   45%         5    ######.


Dungeon Overview and Level Annotations

Branches:
Dungeon (4/15)
 Temple: D:4-7

Altars:
Fedhas
Makhleb
Uskayaw
Wu Jian

Annotations:
D:2 Sigmund


Innate Abilities, Weirdness & Mutations

You cannot wear most types of armour.
You are very stealthy in the water. (Stealth+)
You are amphibious.
You can wear up to eight rings at the same time.
You can use your tentacles to constrict eight enemies at once.
Your skin changes colour to match your surroundings (Stealth+).
Your rubbery body absorbs attacks. (AC +1, EV +1)


Message History

The orc wizard closely misses you.
There is a stone staircase leading down here.
The orc wizard barely misses you. The orc misses you.
The orc wizard hits you with a +0 dagger.
You climb downwards.
Found four items.
Found a burning altar of Makhleb.
Found a stone staircase leading down.
There is a stone staircase leading up here.
The orc wizard casts a spell at you. The magic dart hits you! The orc hits you.
Found a runed spear.
The orc wizard completely misses you.
The orc wizard points at you and mumbles some strange words.
The magic dart hits you. The orc closely misses you.
The orc wizard points at you and mumbles some strange words.
The magic dart hits you!
* * * LOW HITPOINT WARNING * * *
The orc wizard casts a spell at you. The magic dart hits you.
You die...

.#.....$.%_..
.........#.#
#..........#
#..........#
#......<...# ###.
#..........##.....
##............# .
..$.......o####...[
..........o@.......
#..........####....
#..........# .
#...>......#
#...)....##
#......## ######


You could see an orc wizard (fast) and an orc.

Vanquished Creatures
  A hound (D:2)
  5 adders
  2 oozes (D:2)
  2 dart slugs
  2 leopard geckos
  An orc (D:3)
  A ball python (D:1)
  4 bats
  4 giant cockroaches
  2 hobgoblins (D:1)
  4 jackals (D:2)
  3 frilled lizards
  6 goblins
  6 kobolds
  6 rats
49 creatures vanquished.

Notes
Turn   | Place    | Note
-------+----------+-------------------------------------------
     0 | D:1      | H0rd4k the Octopode Transmuter began the quest for the Orb.
     0 | D:1      | Reached XP level 1. HP: 13/13 MP: 3/3
    54 | D:1      | Reached XP level 2. HP: 2/18 MP: 5/5
   950 | D:1      | Reached XP level 3. HP: 21/23 MP: 6/6
  1285 | D:1      | Learned a level 2 spell: Sticks to Snakes
  1289 | D:1      | Learned a level 3 spell: Spider Form
  1613 | D:2      | Found a blossoming altar of Fedhas.
  1630 | D:2      | Noticed Sigmund
  1729 | D:2      | Reached XP level 4. HP: 21/28 MP: 6/8
  1915 | D:2      | Reached skill level 1 in Stealth
  2033 | D:2      | Found a hide-covered altar of Uskayaw.
  2933 | D:3      | Reached XP level 5. HP: 31/33 MP: 9/9
  3087 | D:3      | Found an ornate altar of the Wu Jian Council.
  3104 | D:4      | Found a burning altar of Makhleb.
  3108 | D:4      | Killed from afar by an orc wizard

Illustrated notes

Levels and vault maps discovered:
D:1:      lordsloth_arrival_two_stooges, layout_rooms, roderic_lattice_a
D:2:      layout_basic, fedhas_altar_2, eat_drink_and_be_merry_uskayaw,
          minmay_misc_feat_pillars, grunt_ministairs_6,
          kennysheep_generic_room_4, uniq_sigmund
D:3:      layout_loops_ring, overflow_temple_1_default, lemuel_doored_altar,
          nicolae_gozag_cash_rules_everything_around_me, first_ration
D:4:      layout_rooms, lemuel_crystal_altar, vehumet_crystals,
          okawaru_gym_becter, serial_shops, shop,
          nicolae_qazlal_general_emergency, uniq_ijyb, uniq_robin

Skill      XL: |  1  2  3  4  5 |
---------------+----------------+-----
Stealth        | 1 |  1.5
Transmutations | 3 |  3.1
Spellcasting   | 3 |  3.0
Fighting       | |  1.0
Dodging        | |  2.3
Unarmed Combat | |  3.9

Action                   |  1- 3 |  4- 6 || total
-------------------------+-------+-------++-------
Melee: Unarmed           |    94 |    40 ||   134
       Constrict         |    24 |    12 ||    36
       Tentacles         |    11 |     9 ||    20
       Kick              |     2 |     4 ||     6
       Punch             |       |     1 ||     1
 Cast: Beastly Appendage |     1 |     3 ||     4
 Stab: Sleeping          |     5 |     5 ||    10
  Eat: Chunk             |     2 |     4 ||     6
Armor: Skin              |     8 |       ||     8
Dodge: Dodged            |    62 |    30 ||    92
